 Dungeon Crawl Stone Soup version 0.25.1-2-g60ff931df9 (webtiles) character file.

Game seed: 3980292911897494815

825 hawla the Chopper (level 7, -21/61 HPs)
             Began as a Hill Orc Monk on Oct 25, 2020.
             Was a Believer of Beogh.
             Demolished by a two-headed ogre
             ... wielding a +0 giant club
              (26 damage)
             ... on level 5 of the Dungeon.
             The game lasted 00:13:20 (6087 turns).

hawla the Chopper (Hill Orc Monk)                   Turns: 6087, Time: 00:13:21

Health: -21/61     AC:  5    Str: 15    XL:     7   Next: 96%
Magic:  7/7        EV: 14    Int: 11    God:    Beogh [**....]
Gold:   176        SH:  0    Dex: 13    Spells: 6/6 levels left

rFire    . . .     SeeInvis .   h - +0 hand axe (freeze)
rCold    . . .     Gourm    .   (no shield)
rNeg     . . .     Faith    .   b - +1 robe
rPois    .         Spirit   .   i - +0 helmet
rElec    .         Reflect  .   k - +0 cloak
rCorr    +         Harm     .   (no gloves)
MR       .....     Rnd*Tele +   (no boots)
Stlth    ++........             y - amulet of regeneration
HPRegen  0.60/turn              o - ring of teleportation (curse)
MPRegen  0.10/turn              t - ring of resist corrosion

@: no status effects
A: no striking features
a: Smiting, Renounce Religion


You were on level 5 of the Dungeon.
You worshipped Beogh.
Beogh was pleased with you.
You were not hungry.

You visited 2 branches of the dungeon, and saw 8 of its levels.
You also visited: Sewer.

You collected 176 gold pieces.

Inventory:

Hand Weapons
 h - a +0 hand axe of freezing (weapon)
 n - a +0 lajatang
Armour
 b - a +1 robe (worn)
 i - a +0 helmet (worn)
 k - a +0 cloak (worn)
 x - a +1 scale mail of fire resistance
 z - a +0 chain mail
Jewellery
 o - a cursed ring of teleportation (left hand)
 s - an uncursed ring of protection from cold
 t - a ring of resist corrosion (right hand)
 y - an amulet of regeneration (around neck)
Wands
 d - a wand of iceblast (7)
 m - a wand of acid (9)
Scrolls
 a - a scroll of teleportation
 g - 4 scrolls of identify
 v - a scroll of fog {unknown}
 B - a scroll of blinking {unknown}
Potions
 e - 3 potions of flight
 l - a potion of cancellation
 p - a potion of magic {unknown}
 q - 2 potions of resistance {unknown}
 r - 2 potions of curing {unknown}
 u - a potion of stabbing {unknown}
 A - 2 potions of might {unknown}
Comestibles
 c - 5 rations


   Skills:
 + Level 5.5 Fighting
 + Level 6.9 Axes
 + Level 2.5 Staves
 * Level 4.7 Dodging
 + Level 3.1 Stealth


You had 6 spell levels left.
You didn't know any spells.
Your spell library contained the following spells:

 Spells                   Type           Power        Failure   Level  Hunger
 Confusing Touch          Hex            #.......     71%         3    ####...
 Gell's Gravitas          Tloc           #.........   71%         3    ####...
 Petrify                  Tmut/Erth      #.......     98%         4    #####..
 Metabolic Englaciation   Hex/Ice        #.........   100%        5    ######.
 Yara's Violent Unravell  Hex/Tmut       #.........   100%        5    ######.


Dungeon Overview and Level Annotations

Branches:
Dungeon (7/15)             Temple (1/1) D:4           Sewer (visited)

Altars:
Cheibriados
Elyvilon
Ru
The Shining One

Shops:
D:4 :   D:5 [


Message History

The two-headed ogre hits you with a +0 giant club.
* * * LOW HITPOINT WARNING * * *
Really quaff the potion of lignification?
You turn into a tree.
Your +0 cloak melds into your body.
Your +0 helmet melds into your body.
Your +1 robe melds into your body.
Your roots penetrate the ground.
It was a potion of invisibility.
You fade into invisibility!
The two-headed ogre hits you but does no damage. x2
You are very lightly contaminated with residual magic.
It was a potion of cancellation.
Your magical effects are unravelling.
You feel magically purged.
Your magical contamination has completely faded away.
You feel less wooden.
Your +0 cloak unmelds from your body.
Your +0 helmet unmelds from your body.
Your +1 robe unmelds from your body.
You flicker back into view.
The two-headed ogre hits you with a +0 giant club!!
You die...

##### ##...##
####...?.##########
..................
#................
#...........$..>.
##......)@O......
###.......#.......#
..........#.......##
.......[..#.........
.........##........
........##.!#......
.......###.##.#.##.
...........#..#..).
..................#


You could see a two-headed ogre.

Vanquished Creatures
  An ogre (D:4)
  A big kobold (Sewer)
  2 bullfrogs (D:6)
  A crimson imp (D:5)
  A centaur skeleton (D:4)
  2 orc priests (D:4)
  Jessica (D:3)
  Ijyb (D:3)
  Terence (D:3)
  An orc wizard (D:4)
  4 worker ants (D:4)
  A hound zombie (D:4)
  4 gnolls
  5 adders
  A river rat (Sewer)
  3 adder skeletons (D:4)
  A worm (D:2)
  3 dart slugs (D:2)
  6 leopard geckos
  9 orcs
  4 bats
  9 giant cockroaches
  12 goblins
  6 hobgoblins
  A jackal (Sewer)
  A quokka (D:3)
  A ball python (D:2)
  3 frilled lizards
  12 kobolds
  A leopard gecko skeleton (D:4)
  A leopard gecko zombie (D:5)
  A quokka skeleton (D:5)
  10 rats
111 creatures vanquished.

Vanquished Creatures (others)
  2 orcs (D:4)
2 creatures vanquished.

Grand Total: 113 creatures vanquished

Notes
Turn   | Place    | Note
-------+----------+-------------------------------------------
     0 | D:1      | hawla the Hill Orc Monk began the quest for the Orb.
     0 | D:1      | Reached XP level 1. HP: 19/19 MP: 1/1
   163 | D:1      | Reached XP level 2. HP: 27/27 MP: 2/2
   902 | D:2      | Reached XP level 3. HP: 33/33 MP: 3/3
  1402 | D:2      | Found a white marble altar of Elyvilon.
  1701 | D:2      | Found a glowing golden altar of the Shining One.
  1728 | D:2      | Reached XP level 4. HP: 40/40 MP: 4/4
  1732 | D:2      | Found a snail-covered altar of Cheibriados.
  2146 | D:3      | Found a sacrificial altar of Ru.
  2152 | D:3      | Noticed Terence
  2167 | D:3      | Killed Terence
  2167 | D:3      | Reached skill level 5 in Axes
  2241 | D:3      | Found a glowing drain.
  2272 | Sewer    | Entered a sewer
  2458 | Sewer    | Noticed a big kobold
  2468 | Sewer    | Killed a big kobold
  2468 | Sewer    | Reached skill level 1 in Staves
  2468 | Sewer    | Reached XP level 5. HP: 34/47 MP: 5/5
  2596 | Sewer    | Found a white marble altar of Elyvilon.
  2779 | D:3      | Noticed Ijyb
  2797 | D:3      | Killed Ijyb
  2852 | D:2      | Reached XP level 6. HP: 8/53 MP: 6/6
  3704 | D:3      | Noticed Jessica
  3710 | D:3      | Killed Jessica
  4081 | D:4      | Found Ivuzod's Book Boutique.
  4082 | D:4      | You fall into a shaft and drop 3 floors!
  4276 | D:6      | Reached skill level 5 in Fighting
  4359 | D:5      | Entered Level 5 of the Dungeon
  4404 | D:5      | Found Wumir's Armour Emporium.
  4404 | D:5      | Noticed an ice beast
  4442 | D:5      | Noticed a two-headed ogre
  4452 | D:4      | Reached XP level 7. HP: 51/61 MP: 7/7
  4467 | D:4      | Reached skill level 6 in Axes
  4951 | D:4      | Became a worshipper of Beogh the Brigand
  4951 | D:4      | Reached * piety under Beogh
  4951 | D:4      | Reached ** piety under Beogh
  5369 | D:4      | Found a staircase to the Ecumenical Temple.
  5728 | Temple   | Entered the Ecumenical Temple
  6087 | D:5      | Demolished by a two-headed ogre

Illustrated notes

Levels and vault maps discovered:
D:1:      minmay_arrival_cross, layout_loops_ring, st_stairs_1
D:2:      layout_loops_ring, kennysheep_slug_shrine, overflow_temple_1_default,
          elyvilon_altar_3, first_ration, eino_tiny_chamber,
          wad_floor_pattern_untrapped
D:3:      layout_loops_cross, portal_sewer_entry_b, nicolae_ru_awakened_eye,
          uniq_jessica, uniq_terence, uniq_ijyb
D:4:      layout_rooms, minmay_temple_entry_proselytizer, serial_shops,
          nicolae_shop_trees, hangedman_decor_opposing
D:5:      layout_rooms, basic_altar, serial_shops, nicolae_shop_crystal,
          minmay_misc_feat_four_crosses
D:6:      layout_gridville, eat_drink_and_be_merry_uskayaw, kennysheep_mini,
          hangedman_decor_push, corner_web_ring
D:7:      layout_loops_cross, lemuel_coloured_pillars_altar, grunt_ogre_cave,
          uniq_duvessa
Temple:   cyrus_temple_forest

Skill      XL: |  1  2  3  4  5  6  7 |
---------------+----------------------+-----
Fighting       | 4 5 |  5.5
Stealth        | 2 3 |  3.1
Axes           | 5 6 |  6.9
Dodging        | 3 4 |  4.7
Staves         | 1 2 |  2.5

Action                   |  1- 3 |  4- 6 |  7- 9 || total
-------------------------+-------+-------+-------++-------
Melee: Hand axe          |   104 |    89 |   135 ||   328
       Lajatang          |       |    61 |       ||    61
Invok: Convert to Beogh  |       |       |     1 ||     1
  Use: Scroll            |       |     8 |       ||     8
       Potion            |       |     2 |     4 ||     6
 Stab: Sleeping          |     4 |     4 |     5 ||    13
  Eat: Chunk             |     3 |     8 |     1 ||    12
       Ration            |       |       |     2 ||     2
Armor: Robe              |    16 |    26 |    27 ||    69
       Skin              |       |    12 |     1 ||    13
Dodge: Dodged            |    65 |    96 |    83 ||   244
